TOP OF THE 1ST |
Mexico City Cerveceros batting - Pitching for Mile High Broncos : RHP Manny Pérez
|
Pitching: RHP Manny Pérez
|
|
Batting: SHB Pancho Vásquez
|
0-0: SINGLE (Line Drive, 89S)
|
Batting: SHB George Adams
|
0-0: Ball 1-0: Foul Ball, location: 2F 1-1: SINGLE (Line Drive, 9S) Pancho Vásquez to second
|
Batting: RHB Lee Price
|
0-0: Called Strike 0-1: Swinging Strike 0-2: Ball 1-2: Foul Ball, location: 2F 1-2: Strikes out looking
|
Batting: RHB Ray Ervin
|
0-0: Called Strike Pancho Vásquez steals 3rd base George Adams to second 0-1: Called Strike 0-2: Foul Ball, location: 2F 0-2: Foul Ball, location: 2F 0-2: Ball 1-2: Ball 2-2: Foul Ball, location: 2F 2-2: Ball 3-2: Strikes out looking
|
Batting: RHB John Dinkins
|
0-0: Ground out 6-3 (Groundball, 6)
|
Top of the 1st over - 0 run(s), 2 hit(s), 0 error(s), 2 left on base; Mexico City 0 - Mile High 0 |
BOTTOM OF THE 1ST |
Mile High Broncos batting - Pitching for Mexico City Cerveceros : LHP Sean Perry
|
Pitching: LHP Sean Perry
|
|
Batting: LHB Jesús González
|
0-0: Fly out, F9 (Flyball, 9)
|
Batting: SHB Paco Martínez
|
0-0: Ball 1-0: Called Strike 1-1: Foul Ball, location: 2F 1-2: Foul Ball, location: 2F 1-2: Foul Ball, location: 2F 1-2: Ball 2-2: Ground out 6-3 (Groundball, 6)
|
Batting: LHB Mark Everett
|
0-0: Ball 1-0: Ball 2-0: Ball 3-0: Called Strike 3-1: Base on Balls
|
Batting: RHB Rodney González
|
0-0: Ball 1-0: Called Strike 1-1: Fielders Choice at 2nd, 6-4 (Groundball, 6)
|
Bottom of the 1st over - 0 run(s), 0 hit(s), 0 error(s), 0 left on base; Mexico City 0 - Mile High 0 |
TOP OF THE 2ND |
Mexico City Cerveceros batting - Pitching for Mile High Broncos : RHP Manny Pérez
|
Batting: LHB Arturo Rodledo
|
0-0: SINGLE (Line Drive, 78S)
|
Batting: LHB Juan Torres
|
0-0: Called Strike 0-1: Ball 1-1: Ball 2-1: Swinging Strike 2-2: Ball 3-2: Ground out 5-3 (Groundball, 56S) Arturo Rodledo to second
|
Batting: RHB Mike Martin
|
0-0: Called Strike 0-1: Swinging Strike 0-2: Ball 1-2: Ball 2-2: Ground out 6-3 (Groundball, 6)
|
Batting: RHB Fernando Garza
|
0-0: Ball 1-0: Swinging Strike 1-1: Swinging Strike 1-2: Fly out, F7 (Flyball, 78M)
|
Top of the 2nd over - 0 run(s), 1 hit(s), 0 error(s), 1 left on base; Mexico City 0 - Mile High 0 |
BOTTOM OF THE 2ND |
Mile High Broncos batting - Pitching for Mexico City Cerveceros : LHP Sean Perry
|
Batting: SHB Tom Stevens
|
0-0: Called Strike 0-1: Foul Ball, location: 2F 0-2: Fly out, F8 (Flyball, 8LXD)
|
Batting: RHB Su-kweon Yu
|
0-0: Ground out 5-3 (Groundball, 5L)
|
Batting: SHB Pedro Martínez
|
0-0: Ball 1-0: Called Strike 1-1: Ball 2-1: Ground out 6-3 (Groundball, 6S)
|
Bottom of the 2nd over - 0 run(s), 0 hit(s), 0 error(s), 0 left on base; Mexico City 0 - Mile High 0 |
TOP OF THE 3RD |
Mexico City Cerveceros batting - Pitching for Mile High Broncos : RHP Manny Pérez
|
Batting: SHB Pancho Vásquez
|
0-0: Ball 1-0: Called Strike 1-1: Ground out 6-3 (Groundball, 6M)
|
Batting: SHB George Adams
|
0-0: Ball 1-0: Ball 2-0: Ball 3-0: Called Strike 3-1: Ground out U3 (Groundball, 34)
|
Batting: RHB Lee Price
|
0-0: Ball 1-0: Foul Ball, location: 2F 1-1: Foul Ball, location: 2F 1-2: Strikes out swinging
|
Top of the 3rd over - 0 run(s), 0 hit(s), 0 error(s), 0 left on base; Mexico City 0 - Mile High 0 |
BOTTOM OF THE 3RD |
Mile High Broncos batting - Pitching for Mexico City Cerveceros : LHP Sean Perry
|
Batting: RHB Raúl Ruíz
|
0-0: Called Strike 0-1: Ball 1-1: Ball 2-1: Foul Ball, location: 2F 2-2: Ball 3-2: Foul Ball, location: 2F 3-2: Ground out 4-3 (Groundball, 34)
|
Batting: RHB José Darias
|
0-0: SINGLE (Groundball, 34D)
|
Batting: LHB Jesús González
|
0-0: Swinging Strike 0-1: 2-RUN HOME RUN (Line Drive, 7LD), Distance : 378 ft
|
Batting: SHB Paco Martínez
|
0-0: Ground out 6-3 (Groundball, 6)
|
Batting: LHB Mark Everett
|
0-0: Ball 1-0: Ball 2-0: SINGLE (Groundball, 6D)
|
Batting: RHB Rodney González
|
0-0: Ball 1-0: Ball 2-0: Foul Ball, location: 2F 2-1: Ball 3-1: Base on Balls Mark Everett to second
|
Batting: SHB Tom Stevens
|
0-0: Foul Ball, location: 2F 0-1: Ball 1-1: Ball 2-1: Foul Ball, location: 2F 2-2: Ball 3-2: Fly out, F8 (Line Drive, 8RM)
|
Bottom of the 3rd over - 2 run(s), 3 hit(s), 0 error(s), 2 left on base; Mexico City 0 - Mile High 2 |
TOP OF THE 4TH |
Mexico City Cerveceros batting - Pitching for Mile High Broncos : RHP Manny Pérez
|
Batting: RHB Ray Ervin
|
0-0: Foul Ball, location: 2F 0-1: Ball 1-1: Swinging Strike 1-2: Strikes out swinging
|
Batting: RHB John Dinkins
|
0-0: Ball 1-0: Ball 2-0: Ball 3-0: Base on Balls
|
Batting: LHB Arturo Rodledo
|
0-0: Ball 1-0: Foul Ball, location: 2F 1-1: Called Strike 1-2: Ball 2-2: Strikes out looking
|
Batting: LHB Juan Torres
|
0-0: Ball 1-0: Foul Ball, location: 2F 1-1: Swinging Strike 1-2: Strikes out swinging
|
Top of the 4th over - 0 run(s), 0 hit(s), 0 error(s), 1 left on base; Mexico City 0 - Mile High 2 |
BOTTOM OF THE 4TH |
Mile High Broncos batting - Pitching for Mexico City Cerveceros : LHP Sean Perry
|
Batting: RHB Su-kweon Yu
|
0-0: Foul Ball, location: 2F 0-1: Ground out 6-3 (Groundball, 6)
|
Batting: SHB Pedro Martínez
|
0-0: Ball 1-0: Called Strike 1-1: Foul Ball, location: 2F 1-2: Foul Ball, location: 2F 1-2: Ball 2-2: Strikes out swinging
|
Batting: RHB Raúl Ruíz
|
0-0: Ball 1-0: Swinging Strike 1-1: Ball 2-1: Ball 3-1: Base on Balls
|
Batting: RHB José Darias
|
0-0: Ball 1-0: Ball 2-0: Called Strike 2-1: Swinging Strike 2-2: Strikes out swinging
|
Bottom of the 4th over - 0 run(s), 0 hit(s), 0 error(s), 1 left on base; Mexico City 0 - Mile High 2 |
TOP OF THE 5TH |
Mexico City Cerveceros batting - Pitching for Mile High Broncos : RHP Manny Pérez
|
Batting: RHB Mike Martin
|
0-0: Foul Ball, location: 2F 0-1: Swinging Strike 0-2: Ball 1-2: Ground out 4-3 (Groundball, 4M)
|
Batting: RHB Fernando Garza
|
0-0: Ball 1-0: Ball 2-0: Ball 3-0: Swinging Strike 3-1: Foul Ball, location: 2F 3-2: Strikes out swinging
|
Batting: SHB Pancho Vásquez
|
0-0: Fly out, F8 (Flyball, 8LM)
|
Top of the 5th over - 0 run(s), 0 hit(s), 0 error(s), 0 left on base; Mexico City 0 - Mile High 2 |
BOTTOM OF THE 5TH |
Mile High Broncos batting - Pitching for Mexico City Cerveceros : LHP Sean Perry
|
Batting: LHB Jesús González
|
0-0: Ball 1-0: Swinging Strike 1-1: SINGLE (Line Drive, 8LS)
|
Batting: SHB Paco Martínez
|
0-0: Called Strike 0-1: Foul Ball, location: 2F 0-2: Ball 1-2: Ball Passed Ball! Jesús González to second 2-2: Strikes out swinging
|
Batting: LHB Mark Everett
|
0-0: Called Strike 0-1: Ball 1-1: Ground out 4-3 (Groundball, 4) Jesús González to third
|
Batting: RHB Rodney González
|
0-0: Called Strike 0-1: SINGLE (Line Drive, 8RS) Jesús González scores
|
Batting: SHB Tom Stevens
|
0-0: Ball 1-0: Foul Ball, location: 2F 1-1: Ground out 4-3 (Groundball, 4M)
|
Bottom of the 5th over - 1 run(s), 2 hit(s), 0 error(s), 1 left on base; Mexico City 0 - Mile High 3 |
TOP OF THE 6TH |
Mexico City Cerveceros batting - Pitching for Mile High Broncos : RHP Manny Pérez
|
Batting: SHB George Adams
|
0-0: Ball 1-0: Ball 2-0: Called Strike 2-1: Called Strike 2-2: SINGLE (Groundball, 4MD)
|
Batting: RHB Lee Price
|
0-0: Called Strike 0-1: SINGLE (Line Drive, 34) George Adams to second Runner from 2nd tries for 3rd, OUT!
|
Batting: RHB Ray Ervin
|
0-0: Fly out, F7 (Line Drive, 7)
|
Batting: RHB John Dinkins
|
0-0: Called Strike Lee Price steals 2nd base 0-1: Ball 1-1: Ball 2-1: Swinging Strike 2-2: Ground out 1-3 (Groundball, 15)
|
Top of the 6th over - 0 run(s), 2 hit(s), 0 error(s), 1 left on base; Mexico City 0 - Mile High 3 |
BOTTOM OF THE 6TH |
Mile High Broncos batting - Pitching for Mexico City Cerveceros : LHP Sean Perry
|
Batting: RHB Su-kweon Yu
|
0-0: Ball 1-0: Foul Ball, location: 2F 1-1: Ball 2-1: Ground out 1-3 (Groundball, P)
|
Batting: SHB Pedro Martínez
|
0-0: Swinging Strike 0-1: Ball 1-1: DOUBLE (Line Drive, 7D)
|
Batting: RHB Raúl Ruíz
|
0-0: Ground out 5-3 (Groundball, 56)
|
Batting: RHB José Darias
|
0-0: Ball 1-0: Called Strike 1-1: Fly out, F8 (Flyball, 8RXD)
|
Bottom of the 6th over - 0 run(s), 1 hit(s), 0 error(s), 1 left on base; Mexico City 0 - Mile High 3 |
TOP OF THE 7TH |
Mexico City Cerveceros batting - Pitching for Mile High Broncos : RHP Manny Pérez
|
Batting: LHB Arturo Rodledo
|
0-0: Called Strike 0-1: Swinging Strike 0-2: Strikes out swinging
|
Batting: LHB Juan Torres
|
0-0: Ball 1-0: Ball 2-0: Called Strike 2-1: Called Strike 2-2: Ball 3-2: Foul Ball, location: 2F 3-2: Base on Balls
|
Batting: RHB Mike Martin
|
0-0: Ball 1-0: Ball 2-0: Called Strike 2-1: Called Strike 2-2: Fielders Choice at 2nd, 5-4 (Groundball, 5L)
|
Batting: RHB Fernando Garza
|
0-0: Ball 1-0: Fielders Choice at 2nd, 6-4 (Groundball, 6)
|
Top of the 7th over - 0 run(s), 0 hit(s), 0 error(s), 0 left on base; Mexico City 0 - Mile High 3 |
BOTTOM OF THE 7TH |
Mile High Broncos batting - Pitching for Mexico City Cerveceros : LHP Sean Perry
|
Pitching: RHP Raúl Gómez
|
|
Batting: LHB Jesús González
|
0-0: Called Strike 0-1: Swinging Strike 0-2: Strikes out looking
|
Batting: SHB Paco Martínez
|
0-0: Ball 1-0: Swinging Strike 1-1: Fly out, F8 (Flyball, 8RM)
|
Batting: LHB Mark Everett
|
0-0: Ball 1-0: Foul Ball, location: 2F 1-1: SINGLE (Line Drive, 6)
|
Batting: RHB Rodney González
|
Pickoff Throw to First - Out!
|
Bottom of the 7th over - 0 run(s), 1 hit(s), 0 error(s), 0 left on base; Mexico City 0 - Mile High 3 |
TOP OF THE 8TH |
Mexico City Cerveceros batting - Pitching for Mile High Broncos : RHP Manny Pérez
|
Batting: SHB Pancho Vásquez
|
0-0: Ball 1-0: Ball 2-0: Foul Ball, location: 2F 2-1: Called Strike 2-2: Ball 3-2: SINGLE (Groundball, 6MD)
|
Pitching: LHP Domingo Morales
|
|
Batting: SHB George Adams
|
0-0: Foul Ball, location: 2F 0-1: Ball 1-1: Ball 2-1: Foul Ball, location: 2F 2-2: Ball 3-2: Base on Balls Pancho Vásquez to second
|
Batting: RHB Lee Price
|
0-0: Called Strike 0-1: Foul Ball, location: 2F 0-2: Strikes out swinging
|
Batting: RHB Ray Ervin
|
0-0: Swinging Strike 0-1: Swinging Strike 0-2: Ball 1-2: Foul Ball, location: 2F 1-2: Ball 2-2: Ball 3-2: Foul Ball, location: 2F 3-2: Strikes out swinging George Adams is caught stealing 2nd base Batter strikes out.
|
Top of the 8th over - 0 run(s), 1 hit(s), 0 error(s), 1 left on base; Mexico City 0 - Mile High 3 |
BOTTOM OF THE 8TH |
Mile High Broncos batting - Pitching for Mexico City Cerveceros : RHP Raúl Gómez
|
Batting: RHB Rodney González
|
0-0: Called Strike 0-1: Ball 1-1: Ball 2-1: Foul Ball, location: 2F 2-2: Foul Ball, location: 2F 2-2: Foul Ball, location: 2F 2-2: SOLO HOME RUN (Flyball, 8LXD), Distance : 430 ft
|
Batting: SHB Tom Stevens
|
0-0: Called Strike 0-1: Foul Ball, location: 2F 0-2: Strikes out swinging
|
Batting: RHB Su-kweon Yu
|
0-0: Called Strike 0-1: Fly out, F5 (Line Drive, 56S)
|
Batting: SHB Pedro Martínez
|
0-0: Ball 1-0: Foul Ball, location: 2F 1-1: Foul Ball, location: 2F 1-2: Strikes out swinging
|
Bottom of the 8th over - 1 run(s), 1 hit(s), 0 error(s), 0 left on base; Mexico City 0 - Mile High 4 |
TOP OF THE 9TH |
Mexico City Cerveceros batting - Pitching for Mile High Broncos : LHP Domingo Morales
|
Pitching: RHP Archie Summers
|
|
Batting: RHB John Dinkins
|
0-0: Ball 1-0: Ball 2-0: Foul Ball, location: 2F 2-1: Foul Ball, location: 2F 2-2: Ball 3-2: Strikes out swinging
|
Batting: LHB Arturo Rodledo
|
0-0: Ball 1-0: Ball 2-0: Called Strike 2-1: Called Strike 2-2: Ball 3-2: Base on Balls
|
Pitching: LHP Jorge García
|
|
Batting: LHB Juan Torres
|
0-0: Swinging Strike 0-1: Ball 1-1: Ball 2-1: Foul Ball, location: 2F 2-2: Fielders Choice at 2nd, 4-6 (Groundball, 4)
|
Pitching: RHP David Bailey
|
|
Batting: RHB Mike Martin
|
0-0: Called Strike 0-1: Ball 1-1: Swinging Strike 1-2: Foul Ball, location: 2F 1-2: Foul Ball, location: 2F 1-2: Foul Ball, location: 2F 1-2: Foul Ball, location: 2F 1-2: Strikes out swinging
|
Top of the 9th over - 0 run(s), 0 hit(s), 0 error(s), 1 left on base; Mexico City 0 - Mile High 4 |
|